 Dungeon Crawl Stone Soup version 0.26.0-18-gc5c842f807 (webtiles) character file.

Game seed: 5211614038975741368

65936 112233 the Spry (level 14, -6/67 (70) HPs)
             Began as a Felid Venom Mage on Jan 22, 2021.
             Was an Initiate of Gozag.
             Mangled by a slime creature (glowing shapeshifter) (13 damage)
             ... while paralysed by a floating eye
             ... in a wizard's laboratory on Jan 23, 2021.
             The game lasted 01:56:49 (61032 turns).

112233 the Spry (Felid Venom Mage)                 Turns: 61032, Time: 01:56:50

HP:   -6/67 (70)    AC: 11    Str:  5    XL:     14   Next: 29%
MP:   28/31         EV:  4    Int: 21    God:    Gozag
Gold: 2037          SH:  0    Dex: 18    Spells: 2/38 levels left
                                        Lives: 0   Deaths: 3

rFire    . . .     SeeInvis +     - Unarmed
rCold    + . .     Faith    .   (shield unavailable)
rNeg     . . .     Spirit   .   (armour unavailable)
rPois    .         Reflect  .   (helmet unavailable)
rElec    .         Harm     .   (cloak unavailable)
rCorr    .         Rampage  .   (gloves unavailable)
Will     ++...                  (boots unavailable)
Stlth    +++++++...             h - amulet of the acrobat
HPRegen  0.21/turn              o - ring of the Tortoise {AC+8}
MPRegen  0.22/turn              C - ring of Shadows {Umbra +Inv Stlth+}

@: paralysed, lethally poisoned (-6 -> -18), gold aura, very slightly
contaminated, wreathed by umbra, lightly drained, invisible (expiring), quick
A: very small, no armour, no weapons or thrown items, stealth, claws 1, fangs 3,
see invisible, speed 1, shaggy fur 3, sharp paws
}: 1/15 runes: abyssal
a: Renounce Religion, Evoke Invisibility, Potion Petition, Call Merchant, Bribe
Branch


You were in a wizard's laboratory.
You worshipped Gozag.
Gozag was most pleased with you.
You visited 6 branches of the dungeon, and saw 27 of its levels.
You visited the Abyss 1 time.
You also visited: Sewer, Ice Cave and Wizlab.

You collected 9598 gold pieces.
You spent 6406 gold pieces at shops.
You paid 1155 gold pieces to Gozag.

Inventory:

Jewellery
 c - a +6 ring of strength
 h - an amulet of the acrobat (around neck)
 n - an uncursed ring of wizardry
 o - the ring of the Tortoise (left paw) {AC+8}
   (You bought it in a shop on level 4 of the Dungeon)

   [ring of protection]

   It affects your AC (+8).
 s - an uncursed ring of poison resistance
 y - an uncursed ring of resist corrosion
 B - an uncursed ring of flight
 C - the ring of Shadows (right paw) {Umbra +Inv Stlth+}
   (You bought it in a shop on level 4 of the Dungeon)

   [ring of stealth]

   It lets you turn invisible.
   It makes you more stealthy.
 D - an uncursed ring of teleportation {@r3}
 H - an uncursed ring of ice
 L - an uncursed amulet of regeneration
 O - an uncursed ring of protection from cold {unknown}
 R - a +4 ring of slaying
 V - a +6 ring of dexterity
Wands
 q - a wand of digging (14)
 E - a wand of paralysis (6)
 K - a wand of flame (13)
 S - a wand of polymorph (10)
Scrolls
 a - 8 scrolls of remove curse {@r2}
 e - 5 scrolls of magic mapping
 i - 2 scrolls of teleportation {@r3}
 k - 5 scrolls of enchant armour
 r - 8 scrolls of fog
 z - 2 scrolls of identify {@r1}
 A - 2 scrolls of enchant weapon
 F - a scroll of holy word
 I - 2 scrolls of torment
 M - 2 scrolls of fear
 N - 5 scrolls of immolation
 P - a scroll of noise
 Q - a scroll of silence {unknown}
 T - 4 scrolls of vulnerability
 U - 2 scrolls of summoning
 X - a scroll of amnesia
Potions
 b - 6 potions of haste
 d - 12 potions of curing {@q1}
 f - 5 potions of flight
 g - 3 potions of resistance
 j - 3 potions of berserk rage
 l - 9 potions of might
 m - 2 potions of mutation
 p - 8 potions of heal wounds
 t - 4 potions of degeneration
 u - 2 potions of magic
 v - 7 potions of brilliance
 w - 5 potions of attraction
 x - a potion of cancellation {unknown}
 J - a potion of invisibility
 Z - a potion of ambrosia
Miscellaneous
 G - a box of beasts


   Skills:
 + Level 13.0 Fighting
 + Level 16.8 Dodging
 + Level 6.4 Stealth
 + Level 11.1 Unarmed Combat
 + Level 12.5 Spellcasting
 - Level 4.1 Hexes
 * Level 8.6 Transmutations
 + Level 2.4 Earth Magic
 - Level 7.1 Poison Magic
 - Level 10.5 Evocations


You had 2 spell levels left.
You knew the following spells:

 Your Spells              Type           Power        Failure   Level
a - Sting                 Tmut/Pois      100%         1%          1
b - Poisonous Vapours     Pois/Air       56%          1%          2
c - Ignite Poison         Fire/Tmut/Pois 35%          1%          3
d - Olgreb's Toxic Radia  Pois           43%          2%          4
e - Mephitic Cloud        Conj/Pois/Air  23%          5%          3
f - Blink                 Tloc           N/A          8%          2
g - Call Imp              Summ           13%          8%          2
h - Eringya's Noxious Bo  Tmut/Pois      23%          30%         6
i - Apportation           Tloc           26%          4%          1
j - Statue Form           Tmut/Erth      24%          61%         6
k - Invisibility          Hex            30%          80%         6

Your spell library contained the following spells:

 Spells                   Type           Power        Failure   Level
 Beastly Appendage        Tmut           98%          1%          1
 Sandblast                Erth           46%          1%          1
 Slow                     Hex            30%          1%          2
 Wereblood                Tmut           49%          1%          2
 Foxfire                  Conj/Fire      52%          4%          1
 Magic Dart               Conj           52%          4%          1
 Summon Small Mammal      Summ           52%          4%          1
 Sublimation of Blood     Necr           6%           8%          2
 Spider Form              Tmut/Pois      23%          1%          3
 Tukima's Dance           Hex            30%          2%          3
 Petrify                  Tmut/Erth      36%          4%          4
 Blade Hands              Tmut           24%          4%          5
 Alistair's Intoxication  Tmut/Pois      30%          5%          5
 Summon Guardian Golem    Hex/Summ       21%          6%          3
 Stone Arrow              Conj/Erth      36%          9%          3
 Cause Fear               Hex            15%          9%          4
 Ice Form                 Ice/Tmut       31%          9%          4
 Leda's Liquefaction      Hex/Erth       13%          13%         4
 Call Canine Familiar     Summ           13%          16%         3
 Conjure Flame            Conj/Fire      13%          16%         3
 Lesser Beckoning         Tloc           6%           16%         3
 Irradiate                Conj/Tmut      15%          24%         5
 Summon Ice Beast         Ice/Summ       13%          45%         4
 Summon Lightning Spire   Summ/Air       13%          45%         4
 Bolt of Magma            Conj/Fire/Erth 8%           69%         5
 Dragon Form              Tmut           24%          77%         7
 Fireball                 Conj/Fire      6%           80%         5
 Iskenderun's Battlesphe  Conj           13%          80%         5
 Iron Shot                Conj/Erth      9%           99%         6
 Freezing Cloud           Conj/Ice/Air   6%           100%        6
 Orb of Destruction       Conj           6%           100%        7
 Spellforged Servitor     Conj/Summ      6%           100%        7
 Dragon's Call            Summ           6%           100%        9
 Shatter                  Erth           11%          100%        9


Dungeon Overview and Level Annotations

Branches:
Dungeon (15/15)            Temple (1/1) D:6            Lair (6/6) D:9
 Shoals (0/4) Lair:4       Spider (0/4) Lair:4        Slime (0/5) Lair:6
    Orc (2/2) D:9             Elf (1/3) Orc:2        Vaults (0/5) D:14
 Depths (2/5) D:15          Sewer (visited)           IceCv (visited)
 WizLab (1/1)

Altars:
Ashenzari
Cheibriados
Dithmenos
Elyvilon
Fedhas
Gozag
Hepliaklqana
Kikubaaqudgha
Makhleb
Nemelex Xobeh
Okawaru
Qazlal
Ru
Sif Muna
Trog
Uskayaw
Vehumet
Wu Jian
Xom
Yredelemnul
Zin
The Shining One
Beogh

Shops:
D:4 =   D:7 *   D:9 [?!   D:11 :   D:12 ?   D:14 :*=   Orc:2 ([(:

Portals:
Hell: Depths:1

Annotations:
D:2 1 runed translucent door, Crazy Yiuf
D:7 1 runed translucent door, Greed's ghost, novice MfGl
D:9 exclusion: downstairs
Lair:6 1 runed translucent door, exclusion: 2 oklob plants, lasso's ghost, journeyman DECj
Depths:1 the Enchantress


Innate Abilities, Weirdness & Mutations

You cannot wear armour.
You are incapable of wielding weapons or throwing items.
Your paws allow you to move quietly. (Stealth)
You have sharp claws.
You have razor-sharp teeth.
You have supernaturally acute eyesight. (SInv)
You cover ground quickly.
Your thick and shaggy fur keeps you warm. (AC +3, rC+)
Your sharp claws are effective at attacking unaware monsters.


Message History

The floating eye gazes piercingly through you!
You shrug off the repeated paralysis!
The swamp worm bites you but does no damage.
The faun becomes distracted by the nearby gold, dreaming of imaginary riches.
The faun shouts!
You feel sick.
You kill the floating eye!
The swamp worm changes into a slime creature!
The meliai hits you but does no damage. The meliai barely misses you.
The meliai hits you but does no damage. The meliai barely misses you.
You feel sick. The meliai barely misses you. The meliai stings you!
* * * LOW HITPOINT WARNING * * *
The meliai hits you.
* * * LOW HITPOINT WARNING * * *
The meliai stings you.
* * * LOW HITPOINT WARNING * * *
The floating eye's view fixates on you. The slime creature hits you!
You die...
Your body crumbles into a pile of gold.

....§.§§.§.###..............#
...§§§§....##..............##
#......§..###..#############
##.......## #..............##
###...### ##..............#
#####§##### ##############..#
#§§..§..#.###....##.........#
..§#.....∩.#...y$'.........##
#§§#.§....##.tGc@#..########
##§#.....####..J.#..+
.####'####..###'##..#
e..#...##.... #$$#..#
..e#...#....x ## #..#
#..#...#...u. #..#
##.#...#x.x.. #..#
.####'####... #..#
..##...#.###≈ #..#


You could see a slime creature shaped shifter, a fire crab (wandering, very
poisoned), a faun (very poisoned), a meliai (very poisoned) and a floating eye
(charged, very poisoned).

Vanquished Creatures
  Rupert (Lair:4)
  An orc warlord (Orc:2)
  An entropy weaver (shapeshifter) (D:14)
  Snorg (Lair:5)
  A fire dragon (Lair:6)
  A jiangshi (D:14)
  An ogre mage (D:12)
  Fannar (D:10)
  Josephine (D:10)
  Harold (D:11)
  3 boulder beetles
  5 hydras
  2 ice dragons
  A vault guard (D:14)
  2 centaur warriors
  Erica (D:11)
  A catoblepas (Lair:3)
  2 tengu warriors
  A death knight (D:13)
  7 two-headed ogres
  A deep troll shaman (Depths:1)
  3 thrashing horrors
  A deep troll earth mage (Depths:1)
  Sonja (D:13)
  A large abomination (Abyss:2)
  4 unseen horrors
  A spark wasp zombie (D:15)
  4 deep trolls (Depths:1)
  A necromancer (D:15)
  A lindwurm (Lair:6)
  Pikel (D:4)
  3 orc knights
  A phantasmal warrior (D:15)
  2 harpies (shapeshifter) (WizLab)
  A wizard (D:15)
  15 deep elf magi
  2 orc sorcerers
  11 slime creatures
  13 ugly things
  6 manticores
  Maurice (D:13)
  A merfolk siren (Lair:4)
  An elephant (Lair:4)
  2 black mambas (Lair:3)
  A stone giant skeleton (D:15)
  An eye of devastation (Abyss:2)
  7 torpor snails
  A smoke demon (Abyss:2)
  9 cane toads
  2 rime drakes (shapeshifter)
  3 gargoyles
  An efreet (D:15)
  16 komodo dragons
  2 rime drakes
  3 yaktaurs (shapeshifter)
  10 trolls
  A guardian mummy (D:14)
  2 tengu conjurers
  2 queen bees (shapeshifter) (WizLab)
  2 jumping spiders (Lair:4)
  A wind drake (shapeshifter) (D:14)
  A troll (shapeshifter) (WizLab)
  10 hornets
  10 polar bears
  3 tyrant leeches (Lair:6)
  Grinder (D:5)
  19 blink frogs
  3 merfolk (Lair:4)
  A blink frog (shapeshifter) (WizLab)
  A meliai (shapeshifter) (WizLab)
  A deep troll zombie (D:15)
  A raiju (shapeshifter) (WizLab)
  8 dream sheep
  4 raiju
  A meliai zombie (D:14)
  Sigmund (D:3)
  A fire dragon zombie (D:15)
  A shadow (D:15)
  2 ynoxinuls (Abyss:2)
  5 redbacks (Lair:4)
  A redback (shapeshifter) (WizLab)
  6 wraiths
  32 yaks
  2 vampires
  Eustachio (D:6)
  6 vampire mosquitoes (D:15)
  2 basilisks
  A hog (shapeshifter) (WizLab)
  12 wyverns
  2 neqoxecs (Abyss:2)
  9 wargs
  Menkaure (D:4)
  Edmund (D:5)
  An acid dragon (D:14)
  2 floating eyes
  13 hell hounds (Lair:6)
  18 water moccasins
  4 ice beasts
  31 orc warriors
  8 sky beasts
  14 black bears
  16 wolves
  10 ogres
  2 necrophages
  2 phantoms
  An eye of draining (shapeshifter) (WizLab)
  4 boggarts (D:15)
  9 centaurs
  A lemure (D:4)
  Blork the orc (D:4)
  4 big kobolds
  A big kobold (shapeshifter) (WizLab)
  3 wyvern zombies
  A gnoll sergeant (D:11)
  23 bullfrogs
  2 wyvern skeletons
  5 scorpions
  12 killer bees
  2 howler monkeys
  13 wights
  3 electric eels
  4 bullfrog zombies
  2 centaur zombies
  A hound (D:13)
  A quasit (Abyss:2)
  28 orc priests
  3 bullfrog skeletons
  36 orc wizards
  A jelly (D:9)
  7 centaur skeletons
  2 iguanas
  Ijyb (D:6)
  9 worker ants
  Terence (D:2)
  5 small abominations
  A killer bee zombie (D:5)
  A hound zombie (D:7)
  A hound skeleton (D:5)
  A mummy (D:7)
  22 adders
  14 gnolls
  A howler monkey skeleton (D:8)
  6 river rats (Sewer)
  4 shadow imps
  13 white imps
  4 ufetubi
  An ooze (Sewer)
  2 adder skeletons
  An adder zombie (D:9)
  4 worms
  5 dart slugs
  5 leopard geckos
  111 orcs
  11 giant cockroaches
  2 goblins
  4 hobgoblins
  13 jackals
  19 kobolds
  4 quokkas
  10 ball pythons
  6 bats
  8 frilled lizards
  A hobgoblin zombie (D:7)
  A leopard gecko zombie (D:5)
  An orc zombie (D:7)
  A quokka skeleton (D:9)
  29 rats
941 creatures vanquished.

Vanquished Creatures (collateral kills)
  A cane toad (Lair:6)
  A polar bear (Lair:6)
  2 blink frogs (Lair:6)
  A wraith (D:11)
  A hell hound (Lair:6)
  A water moccasin (Lair:6)
  A phantom (D:14)
  A wight (D:14)
  A jelly (D:14)
  A worker ant (D:11)
11 creatures vanquished.

Vanquished Creatures (others)
  A bullfrog zombie (D:7)
  A white imp (Orc:2)
  36 fungi
  84 plants
  24 starspawn tentacles
  15 withered plants (D:15)
161 creatures vanquished.

Grand Total: 1113 creatures vanquished

Notes
Turn   | Place    | Note
-------+----------+-------------------------------------------
     0 | D:1      | 112233 the Felid Venom Mage began the quest for the Orb.
     0 | D:1      | Reached XP level 1. HP: 7/7 MP: 4/4
   127 | D:1      | Reached skill level 3 in Dodging
   272 | D:2      | Reached XP level 2. HP: 8/11 MP: 3/6
   629 | D:1      | Learned a level 2 spell: Poisonous Vapours
  1091 | D:1      | Reached XP level 3. HP: 14/14 MP: 2/8
  1413 | D:1      | Reached skill level 4 in Dodging
  1574 | D:1      | Learned a level 3 spell: Ignite Poison
  1823 | D:1      | Reached XP level 4. HP: 17/18 MP: 1/9
  2099 | D:2      | Noticed Terence
  2119 | D:2      | Killed Terence
  2594 | D:2      | Found a runed translucent door.
  2595 | D:2      | Noticed Crazy Yiuf
  2997 | D:3      | Reached skill level 5 in Dodging
  3261 | D:3      | Learned a level 4 spell: Olgreb's Toxic Radiance
  3459 | D:3      | Reached skill level 1 in Fighting
  3459 | D:3      | Reached XP level 5. HP: 22/22 MP: 2/11
  3972 | D:3      | Noticed Sigmund
  3976 | D:3      | Killed Sigmund
  3977 | D:3      | Gained mutation: You are covered in thick fur. (AC +2)
                  | [Felid growth]
  3977 | D:3      | Reached XP level 6. HP: 17/26 MP: 2/13
  4664 | D:4      | Noticed a sky beast
  4669 | D:4      | Killed a sky beast
  4670 | D:4      | Reached skill level 6 in Dodging
  4730 | D:4      | Reached XP level 7. HP: 28/30 MP: 1/14
  5069 | D:4      | Found Ocoeq's Jewellery Shop.
  5152 | D:4      | Found a white marble altar of Elyvilon.
  5159 | D:4      | Noticed Pikel
  5235 | D:4      | Noticed Menkaure
  5657 | D:4      | Killed Pikel
  5658 | D:4      | Reached skill level 7 in Dodging
  5658 | D:4      | Reached skill level 5 in Spellcasting
  5658 | D:4      | Reached XP level 8. HP: 36/36 MP: 4/16
  5897 | D:5      | Entered Level 5 of the Dungeon
  6527 | D:6      | Found a glowing drain.
  6547 | Sewer    | Entered a sewer
  6746 | Sewer    | Learned a level 3 spell: Mephitic Cloud
  7168 | Sewer    | Reached skill level 5 in Poison Magic
  7346 | Sewer    | Reached skill level 8 in Dodging
  7910 | D:6      | Noticed Eustachio
  7916 | D:6      | Killed Eustachio
  7917 | D:6      | Reached skill level 5 in Fighting
  7933 | D:5      | Noticed Ijyb
  7943 | D:6      | Killed Ijyb
  8076 | D:7      | Reached XP level 9. HP: 40/40 MP: 7/19
  8625 | D:5      | Noticed Grinder
  8741 | D:4      | Noticed Blork the orc
  8744 | D:4      | Killed Blork the orc
  9771 | D:5      | Noticed Edmund
  9791 | D:5      | Reached skill level 9 in Dodging
 10222 | D:5      | Paralysed by Grinder for 4 turns
 10229 | D:5      | Killed Grinder
 10732 | D:6      | Found a staircase to the Ecumenical Temple.
 10752 | Temple   | Entered the Ecumenical Temple
 10866 | Temple   | Became a worshipper of Gozag Ym Sagoz the Greedy
 11299 | D:5      | Killed Edmund
 11833 | D:5      | Learned a level 2 spell: Blink
 11836 | D:5      | Learned a level 2 spell: Call Imp
 12543 | D:9      | Reached skill level 10 in Dodging
 12550 | D:9      | Found Lafodwy's Antique Armour Emporium.
 12612 | D:10     | Entered Level 10 of the Dungeon
 12887 | D:7      | Found a runed translucent door.
 12891 | D:7      | Noticed Greed's ghost (novice MfGl)
 12906 | D:7      | Found Ytujeos's Lightly-Used Armoury.
 13247 | D:8      | Noticed a two-headed ogre
 13275 | D:7      | Killed a two-headed ogre
 13276 | D:7      | Reached XP level 10. HP: 46/47 MP: 1/22
 14903 | D:4      | Killed Menkaure
 15045 | D:4      | Bought the ring of Shadows {Umbra +Inv Stlth+} for 440 gold
                  | pieces
 15045 | D:4      | Found the ring of Shadows {Umbra +Inv Stlth+}
 15426 | D:7      | Reached skill level 11 in Dodging
 16225 | D:8      | Reached skill level 1 in Evocations
 16428 | D:8      | Reached skill level 1 in Unarmed Combat
 16766 | D:9      | Found a radiant altar of Vehumet.
 16785 | D:9      | Found a staircase to the Orcish Mines.
 16867 | D:9      | Found an ancient bone altar of Kikubaaqudgha.
 16871 | D:9      | Noticed a gargoyle
 17299 | D:10     | Noticed Josephine
 17551 | D:9      | Found a staircase to the Lair.
 18238 | D:10     | Noticed Fannar
 19088 | D:9      | Killed a gargoyle
 19847 | Orc:1    | Entered Level 1 of the Orcish Mines
 20664 | Orc:1    | Noticed a deep elf mage
 20665 | Orc:1    | Noticed a deep elf mage
 20666 | Orc:1    | Noticed a deep elf mage
 20667 | Orc:1    | Noticed a deep elf mage
 20669 | Orc:1    | Noticed a deep elf mage
 20670 | Orc:1    | Noticed a deep elf mage
 20671 | Orc:1    | Noticed a deep elf mage
 20672 | Orc:1    | Killed a deep elf mage
 20672 | Orc:1    | Killed a deep elf mage
 20672 | Orc:1    | Identified the cursed +1 leather armour of Amu Fau {Will+}
 20672 | Orc:1    | Noticed a deep elf mage
 20673 | Orc:1    | Reached XP level 11. HP: 46/52 MP: 2/24
 20674 | Orc:1    | Noticed a deep elf mage
 20678 | Orc:1    | Killed a deep elf mage
 21032 | Orc:1    | Killed a deep elf mage
 21033 | Orc:1    | Reached skill level 12 in Dodging
 21444 | Orc:1    | Killed a deep elf mage
 21531 | Orc:1    | Killed a deep elf mage
 21538 | Orc:1    | Killed a deep elf mage
 21915 | Orc:1    | Killed a deep elf mage
 21916 | Orc:1    | Reached skill level 5 in Evocations
 22085 | Orc:1    | Killed a deep elf mage
 22622 | Orc:2    | Entered Level 2 of the Orcish Mines
 22781 | Orc:2    | Found a staircase to the Elven Halls.
 22851 | Orc:2    | Found a frozen archway.
 22862 | Orc:2    | Killed from afar by a white imp
 22863 | Orc:2    | Reached XP level 10. HP: -16/49 MP: 22/24
 22885 | IceCv    | Entered an ice cave
 23050 | Orc:2    | Found a roughly hewn altar of Beogh.
 23051 | Orc:2    | Noticed an orc knight
 23060 | Orc:2    | Killed an orc knight
 23360 | D:4      | Bought the ring of the Tortoise {AC+8} for 1408 gold pieces
 23360 | D:4      | Found the ring of the Tortoise {AC+8}
 23535 | Orc:2    | Found Dutzesk's Antique Weapon Emporium.
 23584 | Orc:2    | Reached skill level 5 in Unarmed Combat
 23861 | Orc:2    | Found a roughly hewn altar of Beogh.
 24320 | Orc:2    | Found Fano's Book Shop.
 24392 | Orc:2    | Found a roughly hewn altar of Beogh.
 24479 | Orc:2    | Found a roughly hewn altar of Beogh.
 24615 | Orc:2    | Found a roughly hewn altar of Beogh.
 24670 | Orc:2    | Reached XP level 11. HP: 53/53 MP: 17/25
 24829 | Orc:2    | Noticed an orc sorcerer
 24834 | Orc:2    | Killed an orc sorcerer
 24834 | Orc:2    | Noticed an orc warlord
 25460 | Orc:2    | Found Wuadimp's Antique Weapon Shop.
 25461 | Orc:2    | Found a roughly hewn altar of Beogh.
 25467 | Orc:2    | Found Veveng's Antique Armour Boutique.
 25709 | Orc:2    | Killed an orc warlord
 25710 | Orc:2    | Reached skill level 13 in Dodging
 26686 | Lair:1   | Entered Level 1 of the Lair of Beasts
 28876 | Lair:2   | Noticed an eight-headed hydra
 28951 | Lair:3   | Reached skill level 10 in Fighting
 29417 | Lair:3   | Reached skill level 10 in Spellcasting
 29417 | Lair:3   | Gained mutation: Your thick and shaggy fur keeps you warm.
                  | (AC +3, rC+) [Felid growth]
 29417 | Lair:3   | Reached XP level 12. HP: 46/58 MP: 3/27
 29930 | Lair:3   | Noticed an eight-headed hydra
 30005 | Lair:4   | Noticed a six-headed hydra
 30011 | Lair:4   | Killed a six-headed hydra
 30013 | Lair:4   | Noticed a six-headed hydra
 30017 | Lair:4   | Noticed a six-headed hydra
 30021 | Lair:4   | Found a staircase to the Shoals.
 30557 | D:10     | Killed Fannar
 30907 | D:10     | Killed Josephine
 32133 | D:12     | Noticed a two-headed ogre
 32133 | D:12     | Noticed a two-headed ogre
 32133 | D:12     | Noticed a two-headed ogre
 32134 | D:12     | Noticed an ogre mage
 32136 | D:12     | Noticed a two-headed ogre
 32139 | D:12     | Killed a two-headed ogre
 32139 | D:12     | Killed a two-headed ogre
 32139 | D:12     | Killed a two-headed ogre
 32139 | D:12     | Killed an ogre mage
 32140 | D:12     | Reached skill level 14 in Dodging
 32151 | D:12     | Killed a two-headed ogre
 32319 | D:12     | Noticed a boulder beetle
 32331 | D:12     | Killed a boulder beetle
 32748 | D:12     | Found Dugoer Fesec's Magic Scroll Shop.
 32751 | D:12     | Bought a scroll of fear for 56 gold pieces
 32751 | D:12     | Bought a scroll of teleportation for 48 gold pieces
 32751 | D:12     | Bought a scroll of immolation for 56 gold pieces
 32751 | D:12     | Bought a scroll of identify for 32 gold pieces
 33381 | D:11     | Noticed Erica
 33387 | D:11     | Killed Erica
 33546 | D:11     | Found Tuwnioley's Book Shop.
 33721 | D:11     | Reached XP level 13. HP: 59/63 MP: 10/28
 34305 | D:11     | Paralysed by a floating eye for 4 turns
 34617 | D:11     | Noticed Harold
 34735 | D:11     | Killed Harold
 37004 | D:13     | Noticed Maurice
 37011 | D:13     | Killed Maurice
 37462 | D:13     | Noticed Sonja
 37466 | D:13     | Killed Sonja
 37467 | D:13     | Reached skill level 15 in Dodging
 39508 | D:14     | Identified the +11 war axe "Ox" {drain, rPois Int+5}
 40039 | D:14     | Found Fihocrure's Jewellery Emporium.
 40116 | D:14     | Bought a +4 ring of slaying for 1248 gold pieces
 40447 | Orc:2    | Bought a book of Alchemy for 1125 gold pieces
 40454 | Orc:2    | Learned a level 6 spell: Eringya's Noxious Bog
 41545 | Lair:3   | Reached skill level 10 in Evocations
 41914 | Lair:3   | Reached XP level 14. HP: 54/68 MP: 8/30
 42883 | Lair:4   | Found a hole to the Spider Nest.
 43074 | Lair:4   | Noticed Rupert
 43108 | Lair:4   | Killed Rupert
 43262 | Lair:4   | Identified Joriuqon's Almanac of Earth and Heat
 44050 | Lair:5   | Noticed Snorg
 44059 | Lair:5   | Killed Snorg
 44646 | Lair:5   | Found a bloodstained altar of Trog.
 45001 | Lair:6   | Entered Level 6 of the Lair of Beasts
 45228 | Lair:6   | Found the +3 warlock's mirror {reflect}
 45605 | Lair:6   | Found a runed translucent door.
 45684 | Lair:6   | Found a staircase to the Slime Pits.
 46298 | Lair:6   | Found a runed translucent door.
 46728 | Lair:6   | Noticed lasso's ghost (journeyman DECj)
 47050 | Lair:6   | Paralysed by a hornet for 2 turns
 47054 | Lair:6   | Reached skill level 10 in Unarmed Combat
 47800 | Lair:6   | Reached skill level 5 in Stealth
 48190 | Lair:6   | Reached skill level 16 in Dodging
 49180 | Lair:6   | Reached XP level 15. HP: 31/73 MP: 25/31
 49185 | Lair:6   | Reached skill level 5 in Transmutations
 50143 | Orc:2    | Bought a book of Party Tricks for 750 gold pieces
 50287 | D:9      | Bought a potion of heal wounds for 95 gold pieces
 50287 | D:9      | Bought a potion of heal wounds for 95 gold pieces
 50287 | D:9      | Bought a potion of haste for 190 gold pieces
 50287 | D:9      | Bought a potion of haste for 190 gold pieces
 50287 | D:9      | Bought a potion of magic for 152 gold pieces
 50287 | D:9      | Bought a potion of lignification for 57 gold pieces
 50287 | D:9      | Bought a potion of ambrosia for 152 gold pieces
 50289 | D:9      | Bought a scroll of fog for 30 gold pieces
 50289 | D:9      | Bought a scroll of summoning for 142 gold pieces
 50410 | Elf:1    | Entered Level 1 of the Elven Halls
 50601 | Orc:2    | Learned a level 1 spell: Apportation
 50608 | Orc:2    | Learned a level 6 spell: Statue Form
 50615 | Orc:2    | Learned a level 6 spell: Invisibility
 50870 | D:13     | Reached skill level 1 in Hexes
 52502 | D:14     | Found Unarucell's Book Boutique.
 52874 | D:14     | Found Doonurung's General Store.
 52888 | D:14     | Bought a wand of paralysis (8) for 140 gold pieces
 53225 | D:14     | Found a gate to the Vaults.
 53366 | D:15     | Entered Level 15 of the Dungeon
 54501 | D:15     | Identified a scroll of acquirement
 54504 | D:15     | Acquired a book of Changes
 54605 | D:15     | Identified the cursed +0 buckler of the King of the Hill
                  | {Int+7}
 54947 | D:15     | Found a staircase to the Depths.
 56348 | D:15     | Cast into level 2 of the Abyss (a wizard)
 56733 | Abyss:2  | Reached skill level 1 in Earth Magic
 56972 | Abyss:2  | Found a corrupted altar of Lugonu.
 56978 | Abyss:2  | Noticed an Executioner
 56993 | Abyss:2  | Noticed a bone dragon
 57087 | Abyss:2  | Noticed a lich
 58083 | Abyss:2  | Noticed a tentacled starspawn
 58246 | Abyss:2  | Lost strength.
 58370 | Abyss:2  | Mangled by a large abomination
 58371 | Abyss:2  | Reached XP level 14. HP: -8/68 MP: 22/22
 58371 | Abyss:2  | Found a corrupted altar of Lugonu.
 58472 | Abyss:2  | Noticed a tentacled starspawn
 58584 | Abyss:3  | Found a corrupted altar of Lugonu.
 58597 | Abyss:3  | Noticed a bone dragon
 58643 | Abyss:4  | Noticed a tentacled starspawn
 58657 | Abyss:4  | Noticed a cyan very ugly thing
 58669 | Abyss:4  | Noticed a tentacled starspawn
 58680 | Abyss:4  | Noticed a cacodemon
 58693 | Abyss:4  | Noticed a tentacled starspawn
 58693 | Abyss:4  | Noticed a starcursed mass
 58695 | Abyss:4  | Got an abyssal rune of Zot
 58700 | Abyss:4  | Noticed a tentacled starspawn
 58701 | Abyss:4  | Noticed a starcursed mass
 58724 | D:15     | Escaped the Abyss
 59874 | Depths:1 | Entered Level 1 of the Depths
 59874 | Depths:1 | Noticed the Enchantress
 59874 | Depths:1 | Noticed a spriggan defender
 59874 | Depths:1 | Noticed a spriggan defender
 59874 | Depths:1 | Noticed a spriggan defender
 60205 | Depths:1 | HP: 2/69 [spriggan defender/+4 demon whip of
                  | electrocution[the Enchantress] (12)]
 60205 | Depths:1 | Annihilated by a spriggan defender
 60206 | Depths:1 | Reached XP level 13. HP: -23/65 MP: 30/30
 60214 | Depths:1 | Reached XP level 14. HP: 70/70 MP: 13/31
 60233 | Depths:1 | Found a gateway to Hell.
 60238 | Depths:2 | Found a magical portal.
 60347 | WizLab   | Entered Cigotuvi's Fleshworks
 61028 | WizLab   | Paralysed by a floating eye for 4 turns
 61032 | WizLab   | Mangled by a slime creature (glowing shapeshifter)

Illustrated notes

Levels and vault maps discovered:
D:1:      minmay_arrival_five_plusses, layout_basic, minmay_worlds_worst_comb
D:2:      layout_rooms, uniq_terence, uniq_crazy_yiuf_cottage
D:3:      layout_basic, uniq_sigmund
D:4:      layout_basic, serial_shops, shop, st_stairs_14, elyvilon_altar_1,
          uniq_menkaure, uniq_blork_the_orc, uniq_pikel
D:5:      layout_basic, uniq_edmund, uniq_ijyb, uniq_grinder
D:6:      layout_basic, temple_doors_e, portal_sewer_entry_a, uniq_eustachio
D:7:      layout_loops_ring, nicolae_ossuary_entry_giza, gammafunk_ghost_grave,
          minmay_shop_damaged
D:8:      layout_rooms
D:9:      layout_basic, vehumet_crystals, lair_entry_dummy, orc_0_dummy,
          serial_shops, nicolae_shop_competitors_out_of_business,
          minmay_ruined_shrine
D:10:     layout_stronghold, nicolae_wwwww, chequers_garden, uniq_fannar,
          uniq_josephine
D:11:     layout_gridville, serial_shops, shop, onia_ninara_cookie, uniq_erica,
          uniq_harold
D:12:     layout_loops_ring, serial_shops, nicolae_shop_trees,
          hangedman_abyss_or_decor_lesser_grid
D:13:     layout_rooms, serial_corexii_hall, corexii_hall_statues_x,
          corexii_hall_statues_l, chequers_hall_statues_y,
          chequers_hall_statues_corner_a, uniq_sonja, uniq_maurice
D:14:     layout_loops_cross, david_vaults_4, serial_shops, shop,
          kennysheep_little_box, nicolae_shop_waterfront, serial_bayou_lagoon_a
D:15:     gammafunk_depths_entry_grave, layout_cave_pools,
          palyth_stone_intersect, grunt_ministairs_6
Temple:   kilobyte_greek_temple
Lair:1:   layout_small_grid, serial_bayou_pond_c
Lair:2:   layout_gridlike, beast_lair_carwin_7
Lair:3:   layout_regular_city, beast_lair_carwin_9, serial_bayou_shore_a
Lair:4:   layout_misc_corridors, elwin_shoals_entry_stream,
          nicolae_spider_entry_tight_spaces, st_stairs_6, nzn_random_ring,
          infiniplex_staircase_pool, uniq_rupert
Lair:5:   layout_layer_cave, basic_altar, uniq_snorg
Lair:6:   wormcave, layout_loops_ring, hangedman_lair_caniforms_friends,
          minmay_slime_entry_oklob_enclosed, ebering_ghost_inner_flame,
          lemuel_fruit_fields, lemuel_fruit_fields
Orc:1:    layout_diamond_mine, elves_outpost_lemuel
Orc:2:    grunt_orc_community_town_hall, layout_caves,
          grunt_orc_community_big_house_1, grunt_orc_community_big_house_2,
          grunt_orc_community_house_2, grunt_orc_community_house_3,
          grunt_orc_community_house_2, grunt_orc_community_house_3,
          grunt_orc_community_house_3, portal_ice_cave_entry_imps
Elf:1:    minmay_elf_arrival_summoners, layout_onion_city,
          hangedman_elf_disciples
Depths:1: layout_gridville, pf_hell_entry_tar_river,
          ebering_dispersal_statue_hall, abyss_entry,
          ebering_ghost_reflecting_pool, minmay_splitting_lines,
          nicolae_two_hexagons, serial_bayou_pond_c,
          kennysheep_cross_bottleneck, kennysheep_potato, uniq_enchantress
Depths:2: cheibrodos_quadrivalence, layout_basic, hell_entry,
          nicolae_lava_and_water, infiniplex_enter_wizlab_water,
          grunt_absolute_annihilation
WizLab:   wizlab_cigotuvi

Skill      XL: |  1  2  3  4  5  6  7  8  9 10 11 12 13 14 15 |
---------------+----------------------------------------------+-----
Dodging        | 3 4 5 6 7 8 10 11 13 14 15 16 | 16.8
Spellcasting   | 3 4 5 6 7 8 10 11 12 | 12.5
Fighting       | 1 2 3 5 7 8 10 13 12 | 13.0
Poison Magic   | 3 4 5 7 |  7.1
Stealth        | 3 6 5 |  6.4
Evocations     | 4 7 8 10 | 10.5
Unarmed Combat | 5 6 7 9 11 | 11.1
Transmutations | 8 7 |  8.6
Hexes          | 4 |  4.1
Earth Magic    | 2 1 |  2.4

Action                   |  1- 3 |  4- 6 |  7- 9 | 10-12 | 13-15 || total
-------------------------+-------+-------+-------+-------+-------++-------
Melee: Unarmed           |     7 |     5 |   149 |   187 |   424 ||   772
       Bite              |       |     1 |    24 |    19 |    38 ||    82
       Punch             |       |       |       |     5 |    20 ||    25
 Cast: Sting             |    31 |    31 |    73 |   169 |   341 ||   645
       Poisonous Vapours |    19 |    58 |   195 |   374 |   443 ||  1089
       Ignite Poison     |       |     2 |    21 |   154 |   245 ||   422
       Olgreb's Toxic Ra |       |       |     4 |    44 |    79 ||   127
       Mephitic Cloud    |       |       |     2 |    46 |    51 ||    99
       Blink             |       |       |       |     4 |    28 ||    32
Invok: Call Merchant     |       |       |       |       |     2 ||     2
 Abil: Evoke Invisibilit |       |       |       |       |     6 ||     6
Evoke: Wand              |       |       |    21 |    14 |    74 ||   109
       Box of beasts     |       |       |       |     1 |     6 ||     7
  Use: Scroll            |       |       |     9 |    11 |    28 ||    48
       Potion            |       |       |       |     7 |    10 ||    17
 Stab: Sleeping          |     2 |     1 |     3 |     3 |    17 ||    26
       Distracted        |       |       |       |     2 |     5 ||     7
       Paralysed         |       |       |       |       |    15 ||    15
       Invisible         |       |       |       |       |     3 ||     3
Armor: Skin              |     2 |     1 |     6 |    19 |   214 ||   242
Dodge: Dodged            |    33 |    25 |   252 |   531 |  1336 ||  2177
